 Dungeon Crawl Stone Soup version 0.28.0-45-g0d030f2227 (webtiles) character file.

Game seed: 638909586829053177

5763 pkoi the Frost Mage (level 10, 0/81 HPs)
             Began as a Demigod Ice Elementalist on Apr 15, 2022.
             Slain by a vampire
             ... wielding a +0 rapier
              (1 damage)
             ... on level 8 of the Dungeon.
             The game lasted 00:25:58 (14469 turns).

pkoi the Frost Mage (Demigod Ice Elementalist)     Turns: 14469, Time: 00:25:59

Health: 0/81       AC:  7    Str:  9    XL:     10   Next: 25%
Magic:  19/19      EV: 14    Int: 29    God:
Gold:   540        SH:  0    Dex: 14    Spells: 1/17 levels left

rFire   . . .      SeeInvis .     - Unarmed
rCold   . . .      Faith    .   (no shield)
rNeg    . . .      Spirit   .   a - +0 robe
rPois   .          Reflect  .   p - +1 helmet
rElec   .          Harm     .   v - +0 cloak
rCorr   .          Rampage  .   (no gloves)
Will    +....                   u - +1 pair of boots
Stlth   ++........              s - amulet of magic regeneration
HPRegen 0.23/turn               (no ring)
MPRegen 0.56/turn               (no ring)

@: no status effects
A: high MP 1, forlorn, divine attributes
a: no special abilities


You were on level 8 of the Dungeon.
You visited 1 branch of the dungeon, and saw 9 of its levels.

You collected 540 gold pieces.

Inventory:

Hand Weapons
 d - a +0 dagger
 i - a +2 dagger of venom
 o - a +2 dagger of protection
Missiles
 c - a throwing net
 k - 6 poisoned darts
 x - 5 atropa-tipped darts
Armour
 a - a +0 robe (worn)
 p - a +1 helmet (worn)
 u - a +1 pair of boots (worn)
 v - a +0 cloak (worn)
Jewellery
 s - an amulet of magic regeneration (around neck)
Wands
 b - a wand of charming (3)
 m - a wand of digging (6)
 r - a wand of mindburst (11)
 y - a wand of acid (2)
 C - a wand of flame (10)
Scrolls
 e - 2 scrolls of summoning
 q - a scroll of enchant weapon
 t - 2 scrolls of amnesia
 B - a scroll of identify
Potions
 f - a potion of heal wounds
 g - a potion of brilliance
 h - 2 potions of curing
 j - a potion of mutation
 l - a potion of resistance
 n - a potion of magic
 w - a potion of berserk rage
 z - a potion of lignification
 A - a potion of might {unknown}


   Skills:
 + Level 5.5 Fighting
 + Level 5.8 Dodging
 - Level 1.7 Stealth
 + Level 5.5 Unarmed Combat
 - Level 4.0 Spellcasting
 * Level 5.7 Hexes
 - Level 2.0 Transmutations
 + Level 8.1 Ice Magic
 - Level 2.0 Earth Magic


You had one spell level left.
You knew the following spells:

 Your Spells              Type           Power      Damage    Failure   Level
a - Freeze                Ice            100%       1d11      1%          1
b - Frozen Ramparts       Ice            100%       1d12      1%          3
c - Ozocubu's Armour      Ice            52%        N/A       1%          3
d - Passwall              Tmut/Erth      14%        N/A       4%          2
e - Confusing Touch       Hex            39%        N/A       1%          3
f - Cause Fear            Hex            19%        N/A       6%          4

Your spell library contained the following spells:

 Spells                   Type           Power      Damage    Failure   Level
 Slow                     Hex            100%       N/A       1%          1
 Sandblast                Erth           34%        2d9       3%          1
 Inner Flame              Hex/Fire       22%        N/A       6%          3
 Portal Projectile        Hex/Tloc       44%        N/A       6%          3
 Hailstorm                Conj/Ice       29%        3d8       13%         4
 Stone Arrow              Conj/Erth      22%        3d8       14%         3
 Leda's Liquefaction      Hex/Erth       14%        N/A       14%         4
 Call Canine Familiar     Summ           5%         N/A       21%         3
 Vampiric Draining        Necr           5%         2d6       21%         3
 Borgnjor's Revivificati  Necr           2%         N/A       100%        8
 Discord                  Hex            19%        N/A       100%        8
 Necromutation            Tmut/Necr      5%         N/A       100%        8
 Death's Door             Necr           2%         N/A       100%        9


Dungeon Overview and Level Annotations

Branches:
Dungeon (9/15)             Temple (0/1) D:4             Orc (0/2) D:9
   Lair: D:8-11

Shops:
D:2 (

Annotations:
D:8 Maurice


Innate Abilities, Weirdness & Mutations

You have an increased reservoir of magic. (+10% MP)
You shall have no god before yourself.
Your divine heritage dramatically boosts your attributes as you level up.


Message History

Okay, then.
The vampire casts a spell.
The vampire flickers and vanishes!
Deactivating autopickup; reactivate with Ctrl-A.
Cast which spell? (? or * to list)
You can't see any susceptible monsters within range! (Use Z to cast anyway.) Unknown command.
Cast which spell? (? or * to list)
Casting: Cause Fear (dangerous; 6% risk of failure)
Press: ? - help, Dir - look around, f - activate Nothing appears to happen.
Something hits you.
* * * LOW HITPOINT WARNING * * *
Something bites you!
* * * LOW HITPOINT WARNING * * *
Something draws strength from your injuries!
Something hits you.
* * * LOW HITPOINT WARNING * * *
Something bites you but does no damage.
You hear some strange, mumbled words.
Something tries to affect you, but you resist.
There is an open door here.
There is an open door here.
There is an open door here.
There is an escape hatch in the ceiling here.
Something hits you.
* * * LOW HITPOINT WARNING * * *
Something bites you.
* * * LOW HITPOINT WARNING * * *
Something draws strength from your injuries!
A mysterious force pulls you upwards. The hatch slams shut behind you.
Level annotation: Maurice Reactivating autopickup.
Something hits you!
* * * LOW HITPOINT WARNING * * *
Deactivating autopickup; reactivate with Ctrl-A.
Something bites you but does no damage. Something hits you!
* * * LOW HITPOINT WARNING * * *
Something bites you.
You die...

......#............#.......#
..#....#.########..#.#####.#
.......#.............# #.#
<...#.########.##...## #.#
............##.##...# #.#
...........>##.##...# #.#
.........##.##.##...# #.#
##.#......#.##.##...######.#
#.#..#.........@..........#
##.#....#.#.#..##....#.#.###
#..##.#.#.#.#..............#
......#.#......##..###.#.#.###
...##.#.###.#..##..........#.#
#...........#..##..###.#...#.#
....#(#.###.#..##..# #.#.....#
#...#.#.#......##..# #.#...#.#
....#.#.###.#.###..# #.#...#.#


There were no monsters in sight!

Vanquished Creatures
  Erica (D:8)
  A tengu conjurer (D:8)
  A troll (D:9)
  Prince Ribbit (D:8)
  Sigmund (D:4)
  2 wyverns
  4 yaks (D:5)
  Menkaure (D:7)
  An acid dragon (D:9)
  2 water moccasins
  An ice beast (D:6)
  An orc warrior (D:6)
  A sky beast (D:8)
  4 black bears
  2 ogres (D:7)
  2 centaurs
  A phantom (D:5)
  8 bullfrogs
  3 scorpions
  7 centaur zombies
  A bullfrog zombie (D:5)
  3 centaur skeletons (D:6)
  2 bullfrog skeletons (D:5)
  3 orc priests
  3 hounds
  6 jellies
  An iguana (D:5)
  5 orc wizards
  A killer bee zombie (D:8)
  A hound zombie (D:5)
  Robin (D:3)
  2 howler monkey skeletons
  8 adders
  6 gnolls
  A shadow imp (D:6)
  2 white imps (D:7)
  An ufetubus (D:5)
  An adder skeleton (D:4)
  3 dart slugs
  21 orcs
  5 ball pythons
  3 endoplasms
  3 giant cockroaches
  22 goblins
  8 hobgoblins
  13 jackals
  2 quokkas (D:2)
  5 bats
  A frilled lizard (D:2)
  3 kobolds
  8 rats
190 creatures vanquished.

Vanquished Creatures (collateral kills)
  A water moccasin (D:5)
1 creature vanquished.

Grand Total: 191 creatures vanquished

Notes
Turn   | Place    | Note
-------+----------+-------------------------------------------
     0 | D:1      | pkoi the Demigod Ice Elementalist began the quest for the
                  | Orb.
     0 | D:1      | Reached XP level 1. HP: 14/14 MP: 5/5
     2 | D:1      | Noticed a human
     4 | D:1      | Noticed a spriggan
     4 | D:1      | Noticed a merfolk
     6 | D:1      | Noticed a troll
     8 | D:1      | Noticed a draconian
     8 | D:1      | Noticed a dwarf
    10 | D:1      | Noticed a formicid
    12 | D:1      | Noticed a demonspawn
    12 | D:1      | Noticed a naga
    14 | D:1      | Noticed a tengu
    14 | D:1      | Noticed an elf
    16 | D:1      | Noticed a gargoyle
    16 | D:1      | Noticed a vampire
    18 | D:1      | Noticed a minotaur
    18 | D:1      | Noticed an octopode
    20 | D:1      | Noticed a felid
    22 | D:1      | Noticed a demigod
    22 | D:1      | Noticed an ogre
    25 | D:1      | Noticed a vine stalker
    27 | D:1      | Noticed a ghoul
   290 | D:1      | Reached skill level 4 in Ice Magic
   428 | D:1      | Reached XP level 2. HP: 15/20 MP: 5/7
  1242 | D:1      | Reached XP level 3. HP: 21/26 MP: 5/8
  1400 | D:1      | Learned a level 3 spell: Frozen Ramparts
  1513 | D:1      | Reached skill level 1 in Unarmed Combat
  2670 | D:2      | Found Hugoikao's Antique Weapon Emporium.
  2679 | D:2      | Reached skill level 5 in Ice Magic
  2679 | D:2      | Reached XP level 4. HP: 32/33 MP: 3/9
  3483 | D:3      | Noticed Robin
  3496 | D:3      | Killed Robin
  4778 | D:4      | Reached XP level 5. HP: 37/38 MP: 7/10
  4805 | D:4      | Learned a level 3 spell: Ozocubu's Armour
  4967 | D:4      | Found a staircase to the Ecumenical Temple.
  5001 | D:4      | Noticed a wyvern
  5005 | D:4      | Killed a wyvern
  5006 | D:4      | Reached skill level 1 in Fighting
  5198 | D:4      | Noticed Sigmund
  5235 | D:4      | Killed Sigmund
  5236 | D:4      | Reached skill level 6 in Ice Magic
  5236 | D:4      | Reached XP level 6. HP: 37/48 MP: 3/12
  5830 | D:5      | Entered Level 5 of the Dungeon
  6077 | D:4      | Learned a level 2 spell: Passwall
  6098 | D:5      | Reached XP level 7. HP: 55/55 MP: 10/14
  6594 | D:5      | Reached skill level 1 in Transmutations
  6747 | D:5      | Reached skill level 1 in Earth Magic
  6878 | D:5      | Noticed a yak
  6882 | D:5      | Noticed a yak
  7268 | D:5      | Reached XP level 8. HP: 59/62 MP: 8/16
  7625 | D:5      | Learned a level 3 spell: Confusing Touch
  8147 | D:5      | Reached skill level 1 in Hexes
  8154 | D:5      | Reached skill level 7 in Ice Magic
  8831 | D:5      | Reached XP level 9. HP: 23/71 MP: 9/18
 10261 | D:7      | Noticed Menkaure
 10271 | D:7      | Killed Menkaure
 10279 | D:7      | HP: 1/72 [white imp/puff of frost (8)]
 10284 | D:7      | HP: 1/72 [white imp/puff of frost (1)]
 11240 | D:7      | Learned a level 4 spell: Cause Fear
 11305 | D:7      | Reached skill level 5 in Dodging
 12184 | D:8      | Noticed Maurice
 12344 | D:8      | Noticed Erica
 12354 | D:8      | Killed Erica
 12355 | D:8      | Reached skill level 5 in Fighting
 12355 | D:8      | Reached skill level 5 in Unarmed Combat
 12742 | D:8      | Noticed a tengu conjurer
 12758 | D:8      | Reached skill level 5 in Hexes
 12762 | D:8      | Killed a tengu conjurer
 12763 | D:8      | Reached XP level 10. HP: 74/81 MP: 15/19
 12862 | D:8      | Noticed Prince Ribbit
 12879 | D:8      | Killed Prince Ribbit
 13313 | D:8      | Reached skill level 8 in Ice Magic
 14127 | D:9      | Found a staircase to the Orcish Mines.
 14469 | D:8      | HP: 1/81 [something (10)]
 14469 | D:8      | Slain by a vampire

Illustrated notes

Levels and vault maps discovered:
D:1:      kb_arrival_jail, layout_loops_ring
D:2:      layout_basic, serial_shops, nicolae_square_shop,
          hellmonk_ecumenical_altar_prayer_group, grunt_decor_junction,
          minmay_indecisive_spiral
D:3:      layout_rooms, minmay_misc_feat_alley, uniq_robin
D:4:      layout_basic, minmay_temple_entry_mist, uniq_sigmund
D:5:      layout_basic, serial_curves, eino_curves_02, eino_curves_04
D:6:      layout_gridville, minitemple
D:7:      layout_loops_corners, enter_bailey_2, uniq_menkaure
D:8:      layout_basic, mainiacjoe_overflow_tiny_flanked, uniq_prince_ribbit1,
          uniq_erica, uniq_maurice
D:9:      layout_roguey, david_orc_2, lemuel_flamethrower_hall

Skill      XL: |  1  2  3  4  5  6  7  8  9 10 |
---------------+-------------------------------+-----
Ice Magic      | 4 5 6 7 8 |  8.1
Unarmed Combat | 1 2 3 4 5 |  5.5
Fighting       | 1 2 4 5 |  5.5
Dodging        | 2 3 4 5 |  5.8
Spellcasting   | 2 3 4 |  4.0
Transmutations | 1 2 |  2.0
Earth Magic    | 1 2 |  2.0
Hexes          | 2 5 |  5.7
Stealth        | |  1.7

Action                   |  1- 3 |  4- 6 |  7- 9 | 10-12 || total
-------------------------+-------+-------+-------+-------++-------
Melee: Dagger            |    30 |    52 |   137 |       ||   219
       Punch             |     1 |     3 |    23 |     3 ||    30
       Unarmed           |       |       |   282 |    67 ||   349
 Cast: Freeze            |    50 |    28 |     3 |       ||    81
       Frozen Ramparts   |     4 |    16 |    53 |     8 ||    81
       Ozocubu's Armour  |       |     3 |    46 |     8 ||    57
       Confusing Touch   |       |       |     4 |       ||     4
       Cause Fear        |       |       |       |     1 ||     1
Evoke: Wand              |       |       |     1 |       ||     1
  Use: Scroll            |     1 |     8 |     4 |     1 ||    14
       Potion            |       |       |     5 |       ||     5
 Stab: Sleeping          |       |     1 |     2 |     2 ||     5
       Confused          |       |       |     2 |       ||     2
Armor: Robe              |     8 |    21 |   293 |    28 ||   350
Dodge: Dodged            |    53 |    46 |   433 |    61 ||   593
